 Dungeon Crawl Stone Soup version 0.25-a0-287-g56a5b49892 (webtiles) character file.

Game seed: 12079465792396717151, levelgen mode: deterministic

808 D1HalberdGnoll the Covert (level 7, -5/40 HPs)
             Began as a Vampire Enchanter on Dec 12, 2019.
             Was a Follower of Okawaru.
             Killed by divine providence
             ... invoked by an orc priest
              (13 damage)
             ... on level 6 of the Dungeon.
             The game lasted 00:11:51 (6851 turns).

D1HalberdGnoll the Covert (Vampire Enchanter)       Turns: 6851, Time: 00:11:52

Health: -5/40      AC:  5    Str:  9    XL:     7   Next: 60%
Magic:  6/12       EV: 12    Int: 17    God:    Okawaru [*.....]
Gold:   181        SH:  0    Dex: 15    Spells: 8/13 levels left

rFire    . . .     SeeInvis +   c - +1 dagger (flame)
rCold    + + .     Gourm    .   (no shield)
rNeg     + + +     Faith    .   k - +0 leather armour
rPois    ∞         Spirit   .   (no helmet)
rElec    .         Reflect  .   r - scarf {cloud immunity}
rCorr    .         Harm     .   f - +0 pair of gloves
MR       .....                  b - +0 pair of boots
Stlth    ++++++....             (no amulet)
HPRegen  0.00/turn              (no ring)
MPRegen  0.13/turn              (no ring)

@: bloodless
A: no food, fangs 3, see invisible, unbreathing
a: Bat Form, Revivify, Heroism, Renounce Religion


You were on level 6 of the Dungeon.
You worshipped Okawaru.
Okawaru was aware of your devotion.
You were bloodless.

You visited 2 branches of the dungeon, and saw 7 of its levels.

You collected 181 gold pieces.

Inventory:

Hand Weapons
 c - a +1 dagger of flaming (weapon)
 g - a +2 dagger of speed
Missiles
 d - 38 poisoned darts (quivered)
Armour
 b - a +0 pair of boots (worn)
 f - a +0 pair of gloves (worn)
 k - a +0 leather armour (worn)
 r - a scarf of cloud immunity (worn)
Jewellery
 l - a +6 amulet of reflection {unknown}
 s - an uncursed ring of flight {unknown}
Wands
 m - a wand of flame (1)
 p - a wand of iceblast (7)
Scrolls
 a - a scroll of blinking
 e - 4 scrolls of identify
 h - 2 scrolls of remove curse
 n - a scroll of amnesia
Potions
 i - a potion of degeneration {unknown}
 j - 4 potions of curing
 o - a potion of lignification {unknown}
 q - a potion of heal wounds {unknown}


   Skills:
 + Level 2.8 Fighting
 + Level 3.8 Short Blades
 - Level 2.1 Dodging
 * Level 9.0 Stealth
 + Level 3.6 Spellcasting
 + Level 6.6 Hexes


You had 8 spell levels left.
You knew the following spells:

 Your Spells              Type           Power        Failure   Level  Hunger
b - Ensorcelled Hibernat  Hex/Ice        ##....       9%          2    N/A
c - Tukima's Dance        Hex            ####....     4%          3    N/A

Your spell library contained the following spells:

 Spells                   Type           Power        Failure   Level  Hunger
 Confusing Touch          Hex            ####..       1%          1    N/A
 Corona                   Hex            ####...      1%          1    N/A
 Confuse                  Hex            ####....     4%          3    N/A
 Dazzling Flash           Conj/Hex       ##....       17%         3    N/A
 Gell's Gravitas          Tloc           #.........   56%         3    N/A
 Metabolic Englaciation   Hex/Ice        ##........   85%         5    N/A
 Yara's Violent Unravell  Hex/Tmut       ##........   85%         5    N/A
 Petrify                  Tmut/Erth      #.......     93%         4    N/A

Dungeon Overview and Level Annotations

Branches:
Dungeon (6/15)             Temple (1/1) D:4

Altars:
Ashenzari
Dithmenos
Elyvilon
Fedhas
Gozag
Hepliaklqana
Kikubaaqudgha
Nemelex Xobeh
Okawaru
Sif Muna
Trog
Uskayaw
Wu Jian
Yredelemnul
Zin


Innate Abilities, Weirdness & Mutations

You do not eat.
You do not regenerate when monsters are visible.
You are frail without blood (-20% HP).
You can heal yourself when you bite living creatures.
You are immune to poison.
You have razor-sharp teeth.
You have supernaturally acute eyesight. (SInv)
You can survive without breathing.


Message History

An orc priest comes into view. It is wielding a +0 hand axe.
The orc closely misses you.
The orc priest shouts!
You hit the jackal. You burn the jackal.
The jackal is heavily wounded.
The jackal barely misses you. The jackal bites you.
* * * LOW HITPOINT WARNING * * *
The orc closely misses you.
The jackal bites you but does no damage.
You barely miss the jackal. You bite the jackal, but do no damage.
The jackal is heavily wounded.
The orc hits you with a +0 dagger.
* * * LOW HITPOINT WARNING * * *
The jackal bites you but does no damage.
The jackal barely misses you.
You barely miss the jackal.
The jackal is heavily wounded.
The orc priest mumbles some strange prayers to Beogh against you.
Beogh smites you!
You die...

<'.....+ #......h#
##.....####.......#
.........##.......#
########.# ..hh...#
######)## ......# #
.........###..##.##.#
#######...##........
#......###h###
###....†h@o..#
##..####o#.# .....#
o# ###.#.# h# ...#..
lo #.###..# .. #.
#... ... ...


You could see a hound, an orc priest, 3 orcs, a leopard gecko and 2 jackals.

Vanquished Creatures
  An ogre (D:6)
  A phantom (D:4)
  A necrophage (D:5)
  2 centaurs (D:5)
  A scorpion (D:5)
  A crimson imp (D:5)
  A hound (D:6)
  3 orc wizards
  2 worker ants
  4 adders
  A shadow imp (D:6)
  2 worms
  An adder skeleton (D:5)
  A dart slug (D:1)
  A leopard gecko (D:3)
  13 orcs
  2 giant cockroaches
  3 goblins (D:1)
  9 hobgoblins
  9 jackals
  A quokka (D:5)
  9 bats
  5 frilled lizards
  9 kobolds
  4 leopard gecko skeletons
  10 rats
97 creatures vanquished.

Notes
Turn   | Place    | Note
-------+----------+-------------------------------------------
     0 | D:1      | D1HalberdGnoll the Vampire Enchanter began the quest for
                  | the Orb.
     0 | D:1      | Reached XP level 1. HP: 13/13 MP: 3/3
   241 | D:1      | Reached XP level 2. HP: 20/20 MP: 3/5
   404 | D:1      | Reached skill level 5 in Stealth
   647 | D:1      | Reached XP level 3. HP: 22/25 MP: 6/6
   974 | D:2      | Reached skill level 1 in Fighting
   975 | D:2      | Found a sparkling altar of Nemelex Xobeh.
  1259 | D:2      | Learned a level 2 spell: Ensorcelled Hibernation
  1263 | D:2      | Learned a level 3 spell: Tukima's Dance
  1302 | D:2      | Reached skill level 5 in Hexes
  1528 | D:2      | Found a faded altar of an unknown god.
  2269 | D:3      | Reached XP level 4. HP: 23/25 MP: 7/7
  3386 | D:4      | Noticed a +0 hand axe
  3386 | D:4      | Noticed a +0 dagger
  3387 | D:4      | Found a hide-covered altar of Uskayaw.
  3561 | D:4      | Found a staircase to the Ecumenical Temple.
  3566 | D:4      | Noticed a phantom
  3575 | Temple   | Entered the Ecumenical Temple
  3769 | Temple   | Became a worshipper of Warmaster Okawaru
  4095 | D:4      | Reached skill level 6 in Stealth
  4187 | D:4      | Reached XP level 5. HP: 31/33 MP: 1/8
  4188 | D:4      | Noticed a phantom
  4389 | D:4      | Found a shadowy altar of Dithmenos.
  4659 | D:4      | HP: 1/33 [phantom (4)]
  4712 | D:4      | Killed a phantom
  4712 | D:4      | Reached skill level 7 in Stealth
  4775 | D:4      | Reached XP level 6. HP: 38/39 MP: 3/10
  4844 | D:4      | Found an opulent altar of Gozag.
  5113 | D:5      | Entered Level 5 of the Dungeon
  5118 | D:5      | Found a glowing silver altar of Zin.
  5120 | D:5      | Found a white marble altar of Elyvilon.
  5259 | D:5      | Reached * piety under Okawaru
  5524 | D:5      | Reached skill level 8 in Stealth
  5524 | D:5      | Reached XP level 7. HP: 6/40 MP: 11/11
  6383 | D:5      | Found a shimmering blue altar of Sif Muna.
  6827 | D:6      | Reached skill level 9 in Stealth
  6851 | D:6      | Killed from afar by an orc priest

Levels and vault maps discovered:
D:1:      sevenhm_arrival_forest_fort_large_2, layout_basic, serial_bayou,
          serial_bayou_crossing, serial_bayou_lagoon_a, serial_bayou_shore_b,
          serial_bayou_shore_a, serial_bayou_lake_a, serial_bayou_pond_d,
          nrook_mini_backslash, minmay_domino_2
D:2:      wander_river, layout_loops_ring, overflow_temple_1_default,
          chequers_ecumenical_altar_island, serial_forest,
          infiniplex_forest_pool, infiniplex_forest_clump_diagonal,
          infiniplex_forest_straight_5, infiniplex_forest_corner_1,
          infiniplex_forest_straight_1, infiniplex_forest_lined_2,
          infiniplex_forest_join
D:3:      layout_loops_ring
D:4:      layout_gridville, grunt_dithmenos_shadows, dancing_weapons_uskayaw,
          minmay_temple_entry_wispy, nicolae_gozag_seed_capital
D:5:      layout_basic, led_sif_pool,
          chequers_temple_overflow_statue_of_worship, first_ration,
          minmay_misc_feat_iff, hangedman_decor_riveting
D:6:      nicolae_whirlpool, layout_basic
Temple:   compressed_dpeg_triangle_lava_temple

Skill      XL: |  1  2  3  4  5  6  7 |
---------------+----------------------+-----
Stealth        | 5 6 7 8 9 |  9.0
Fighting       | 1 2 |  2.8
Hexes          | 5 6 |  6.6
Short Blades   | 2 3 |  3.8
Spellcasting   | 3 |  3.6
Dodging        | |  2.1

Action                   |  1- 3 |  4- 6 |  7- 9 || total
-------------------------+-------+-------+-------++-------
Melee: Dagger            |   196 |   158 |   142 ||   496
       Bite              |    13 |    11 |    14 ||    38
Throw: Dart              |     4 |     2 |       ||     6
 Cast: Corona            |     9 |     1 |       ||    10
       Ensorcelled Hiber |     5 |    17 |     8 ||    30
 Abil: Exsanguinate      |     1 |     1 |       ||     2
       Revivify          |       |     1 |       ||     1
Evoke: Wand              |       |    11 |     1 ||    12
  Use: Potion            |     2 |     2 |       ||     4
       Scroll            |       |     8 |       ||     8
 Stab: Sleeping          |    13 |    17 |     7 ||    37
Armor: Robe              |    60 |       |       ||    60
       Leather armour    |       |    29 |    41 ||    70
Dodge: Dodged            |   130 |    53 |    89 ||   272

Table legend:
 A = Non-vault XP
 B = Vault XP
 C = Vault XP percentage of total XP
 D = Non-vault monster count
 E = Vault monster count
 F = Vault count percentage of total count
                 A         B        C        D         E       F
            +---------+---------+-------+---------+---------+-------
      Total |    1155 |       0 |   0.0 |      97 |       0 |   0.0
            +---------+---------+-------+---------+---------+-------
        D:1 |      59 |       0 |   0.0 |      27 |       0 |   0.0
        D:2 |      36 |       0 |   0.0 |      19 |       0 |   0.0
        D:3 |      21 |       0 |   0.0 |       8 |       0 |   0.0
        D:4 |     280 |       0 |   0.0 |      18 |       0 |   0.0
        D:5 |     560 |       0 |   0.0 |      15 |       0 |   0.0
        D:6 |     199 |       0 |   0.0 |      10 |       0 |   0.0
            +---------+---------+-------+---------+---------+-------
